 Dungeon Crawl Stone Soup version 0.18.1-1-g2f07953 (webtiles) character file.

311 protoss039 the Shield-Bearer (level 5, -7/45 HPs)
             Began as a Demigod Fighter on May 6, 2016.
             Mangled by MagicLamp's ghost (9 damage)
             ... on level 5 of the Dungeon.
             The game lasted 00:18:44 (3443 turns).

protoss039 the Shield-Bearer (Demigod Fighter)      Turns: 3443, Time: 00:18:45

Health: -7/45      AC: 15    Str: 24    XL:     5   Next: 96%
Magic:  7/7        EV:  5    Int: 12    God:
Gold:   172        SH: 10    Dex: 17    Spells: 0 memorised, 4 levels left

rFire  . . .     SeeInvis .     a - +1 flail
rCold  . . .     Gourm    .     j - +1 plate armour
rNeg   . . .     Faith    +     c - +0 shield
rPois  .         Spirit   .     u - +0 helmet
rElec  .         Dismiss  .     r - +1 cloak
rCorr  .         Reflect  .     (no gloves)
SustAt +         Harm     .     (no boots)
MR     .....                    e - amulet of faith
Stlth  ..........               (no ring)
                                (no ring)

@: mighty, not resistant to hostile enchantments, extremely unstealthy
A: high mp 1, sustain attributes
a: no special abilities


You were on level 5 of the Dungeon.
You were not hungry.

You visited 1 branch of the dungeon, and saw 5 of its levels.

You collected 172 gold pieces.

Inventory:

Hand Weapons
 a - a +1 flail (weapon)
 q - a +3 quarterstaff of chaos
 A - a +3 falchion
Armour
 c - a +0 shield (worn)
 j - a +1 plate armour (worn)
 r - a +1 cloak (worn)
 u - a +0 helmet (worn)
 v - a +0 cloak
Jewellery
 e - an amulet of faith (around neck)
Wands
 x - a wand of lightning (13/15)
 C - a wand of lightning (2/15)
Scrolls
 b - 2 scrolls of identify
 k - a scroll of enchant weapon
 y - a scroll of teleportation
Potions
 d - 2 potions of might
 h - a potion of curing {unknown}
 i - a potion of cancellation
 m - 3 potions of lignification
 o - a potion of brilliance
 p - a potion of haste {unknown}
 t - a potion of invisibility {unknown}
 w - 3 potions of flight
Comestibles
 f - 3 bread rations
 g - 18 fruits
 l - a slice of pizza
 n - 3 chunks of flesh
 s - a meat ration


   Skills:
 + Level 3.5 Fighting
 + Level 3.1 Maces & Flails
 + Level 3.6 Armour
 + Level 0.5 Dodging
 + Level 4.5 Shields


You had 4 spell levels left.
You didn't know any spells.

Dungeon Overview and Level Annotations

Branches:
Dungeon (5/15)
 Temple: D:4-7

Annotations:
D:5 MagicLamp's ghost, novice HOGl


Innate Abilities, Weirdness & Mutations

You have an increased reservoir of magic (+10% MP).
Your attributes are resistant to harm.


Message History

Your plate armour prevents you from hitting MagicLamp's ghost.
MagicLamp's ghost is severely damaged.
You block the orc's attack.
The giant newt bites you but does no damage.
MagicLamp's ghost hits you but does no damage.
The orc hits you but does no damage. You block the giant newt's attack.
MagicLamp's ghost hits you but does no damage.
You hit MagicLamp's ghost.
MagicLamp's ghost is severely damaged.
You block the giant newt's attack. The orc hits you but does no damage.
MagicLamp's ghost hits you but does no damage.
You barely miss MagicLamp's ghost.
MagicLamp's ghost is severely damaged.
You block the giant newt's attack. MagicLamp's ghost barely misses you.
You block the orc's attack. The worm barely misses you.
Your shield and plate armour prevent you from hitting MagicLamp's ghost.
MagicLamp's ghost is severely damaged.
The giant newt bites you but does no damage.
MagicLamp's ghost hits you!
You die...

.......................#
.....###.##.###.#....#.#
.(.. #.##.# #.#.###...
.# #.##=# #.#.# #.
#.##.###.#.#
#.....##.#...
####.......# #wo##.....
#.@##..#.. ......lW##..#
.#####..##..# #..# #...
.#.# .#.# ...#.


You could see a worm, MagicLamp's ghost, an orc and a giant newt.

Vanquished Creatures
  A crimson imp (D:3)
  Crazy Yiuf (D:3)
  Jessica (D:3)
  Ijyb (D:3)
  A worker ant (D:4)
  A hound skeleton (D:4)
  Robin (D:3)
  2 adders (D:3)
  A shadow imp (D:5)
  An ooze (D:1)
  6 worms
  2 dart slugs
  5 giant geckos
  2 orcs (D:3)
  2 ball pythons (D:2)
  6 giant cockroaches
  11 goblins
  15 hobgoblins
  2 jackals (D:4)
  A quokka (D:2)
  8 bats
  3 giant newts
  A jackal skeleton (D:5)
  10 kobolds
  8 rats
93 creatures vanquished.

Notes
Turn   | Place    | Note
--------------------------------------------------------------
     0 | D:1      | protoss039 the Demigod Fighter began the quest for the Orb.
     0 | D:1      | Reached XP level 1. HP: 18/18 MP: 3/3
    65 | D:1      | Reached skill level 3 in Shields
   143 | D:1      | Reached XP level 2. HP: 20/25 MP: 4/4
   660 | D:2      | Reached XP level 3. HP: 29/31 MP: 5/5
   682 | D:2      | Found a shattered altar of Ashenzari.
   684 | D:2      | Found an oddly glowing altar of Pakellas.
  1101 | D:3      | Noticed Jessica
  1118 | D:3      | Killed Jessica
  1118 | D:3      | Reached XP level 4. HP: 37/38 MP: 6/6
  1205 | D:3      | Noticed Crazy Yiuf
  1215 | D:3      | Killed Crazy Yiuf
  1645 | D:3      | Noticed Robin
  1680 | D:3      | Killed Robin
  1808 | D:3      | Noticed Ijyb
  1816 | D:3      | Found a shadowy altar of Dithmenos.
  1832 | D:3      | Killed Ijyb
  1832 | D:3      | Reached XP level 5. HP: 43/45 MP: 7/7
  1856 | D:3      | Reached skill level 4 in Shields
  2098 | D:3      | Found a sparkling altar of Nemelex Xobeh.
  3334 | D:5      | Entered Level 5 of the Dungeon
  3421 | D:5      | Noticed MagicLamp's ghost (novice HOGl)
  3438 | D:5      | HP: 1/45 [MagicLamp's ghost (7)]
  3443 | D:5      | Mangled by MagicLamp's ghost

Skill      XL: |  1  2  3  4  5 |
---------------+----------------+-----
Shields        | 3 4 |  4.5
Fighting       | 3 |  3.5
Armour         | 3 |  3.6
Maces & Flails | 2 3 |  3.1
Dodging        | |  0.5

Action                   |  1- 3 |  4- 6 || total
-------------------------+-------+-------++-------
Melee: Flail             |   150 |   235 ||   385
Evoke: Wand              |       |     1 ||     1
  Use: Scroll            |     3 |     8 ||    11
       Potion            |     1 |     1 ||     2
  Eat: Chunk             |     1 |     8 ||     9
Armor: Plate armour      |   112 |   155 ||   267
       Scale mail        |     5 |       ||     5
Dodge: Dodged            |    23 |    36 ||    59
Block: Shield            |   103 |   153 ||   256
